Map: Dreamcatcher LE

Players

Kozan

  • Race: Terran Terran
  • Spawn Location: 11:00

Stephano - Winner!

  • Race: Zerg Zerg
  • Spawn Location: 5:00

Event: WCS Montreal 2018

VOD

Have the link to the VOD?

Description

Time

  • Played on: Sept. 7, 2018, 2:45 p.m.
  • Length: 10:06

All games in this series

Show
View Real Time Build Order
Export as new Build Order

Kozan Terran 

Build Orders: Reaper Expand, MMM Bio 

Get SALT Encoding   

  12  0:00  SCV  
  13  0:13  SCV  
  14  0:17  Supply Depot  
  14  0:25  SCV  
  15  0:38  SCV  
  15  0:39  Barracks  
  16  0:45  Refinery  
  16  0:50  SCV  
  17  1:03  SCV  
  18  1:15  SCV  
  19  1:29  Reaper, Orbital Command  
  20  1:42  Command Center  
  20  1:55  SCV  
  20  1:57  Barracks  
  21  2:06  Barracks Reactor  
  21  2:07  SCV  
  22  2:10  Supply Depot  
  22  2:16  Refinery  
  22  2:19  SCV  
  23  2:27  Factory  
  23  2:38  SCV  
  24  2:45  Barracks Tech Lab  
  24  2:46  Marine x2  
  24  2:50  SCV  
  27  2:58  Orbital Command  
  27  3:03  SCV  
  27  3:04  Marine  
  27  3:05  Stimpack, Marine  
  29  3:07  Marine  
  31  3:15  SCV  
  34  3:27  SCV x2  
  34  3:29  Supply Depot  
  34  3:31  Starport  
  34  3:32  Factory Reactor  
  34  3:35  Marine  
  34  3:37  Marine  
  34  3:39  SCV  
  34  3:40  Marine  
  38  3:42  SCV  
  38  3:51  SCV  
  38  3:53  Marine, Supply Depot  
  38  3:54  SCV  
  38  3:55  Marine  
  42  3:58  Marine  
  43  4:03  SCV  
  43  4:06  SCV  
  45  4:11  Marine  
  45  4:12  Marine  
  45  4:15  SCV  
  45  4:16  Medivac x2, Marine  
  53  4:18  SCV  
  53  4:22  Engineering Bay  
  54  4:25  Engineering Bay  
  54  4:27  SCV  
  54  4:28  Factory Tech Lab  
  54  4:30  SCV, Supply Depot  
  56  4:34  Marine x3  
  56  4:38  Refinery  
  59  4:39  SCV  
  59  4:42  SCV  
  59  4:45  Refinery  
  61  4:53  Marine x3  
  61  4:54  Siege Tank  
  61  4:58  SCV  
  61  4:59  Barracks  
  68  5:04  Terran Infantry Weapons Level 1  
  68  5:05  Supply Depot  
  68  5:08  Terran Infantry Armor Level 1  
  68  5:11  Supply Depot  
  68  5:13  Combat Shields  
  68  5:16  SCV  
  68  5:19  SCV  
  70  5:27  Medivac, Marine x3  
  75  5:29  Supply Depot  
  75  5:31  SCV x2  
  75  5:35  Siege Tank  
  80  5:44  SCV, Marine x3  
  84  5:51  Marine  
  84  5:52  Supply Depot  
  84  5:53  SCV, Supply Depot  
  84  5:56  SCV  
  87  5:57  Marine  
  87  6:02  Marine, Supply Depot  
  87  6:03  Medivac  
  91  6:06  SCV  
  91  6:08  SCV  
  93  6:13  Marine x3  
  93  6:18  SCV, Marine  
  98  6:20  Marine  
  98  6:31  SCV, Marine x3  
  95  6:36  Marine  
  95  6:37  Siege Tank  
  95  6:38  Marine  
  100  6:50  Marauder  
  97  6:56  Marine  
  97  6:59  Command Center  
  88  7:02  Marine x2  
  88  7:07  Marine  
  88  7:08  Medivac  
  92  7:10  Marine  
  92  7:14  Marine  
  92  7:15  Armory, Siege Tank  
  97  7:20  SCV  
  97  7:21  Barracks  
  97  7:22  Barracks  
  98  7:24  Marine x2  
  98  7:28  Marine x2  
  101  7:38  Marine  
  101  7:41  Starport Reactor  
  101  7:42  Marine  
  99  7:44  SCV  
  100  7:53  Command Center, Marine x3  
  103  7:59  Marine  
  103  8:00  Siege Tank, Marine  
  103  8:04  Supply Depot  
  108  8:11  Marine x2  
  108  8:12  Marauder, Barracks Reactor x2  
  112  8:22  Marine x2  
  114  8:29  Marine x2  
  114  8:30  Medivac x2  
  114  8:33  Marauder  
  122  8:35  Siege Tank  
  122  8:40  Marine  
  126  8:50  Supply Depot  
  126  8:52  Supply Depot  
  126  9:04  Marine x6  
  126  9:05  Marauder  
  134  9:10  Marine x2  
  134  9:12  SCV x2  
  138  9:22  Marine  
  131  9:26  Marine x2  
  131  9:30  Marine x2  
  139  9:31  Marauder, Siege Tank  
  139  9:37  Marine x3  
  122  9:40  Marine  
  122  9:41  SCV x2  
  119  9:47  Marine  
  122  9:53  SCV x2  
Show
View Real Time Build Order
Export as new Build Order

Stephano Zerg - Winner!

Build Orders: Hatch First 

Get SALT Encoding   

  12  0:00  Drone  
  13  0:12  Overlord  
  13  0:18  Drone  
  14  0:30  Drone x2  
  16  0:48  Hatchery  
  15  0:52  Drone  
  15  0:54  Drone  
  17  0:58  Drone  
  18  1:08  Extractor  
  17  1:14  Spawning Pool  
  17  1:16  Drone  
  17  1:20  Drone  
  18  1:28  Drone  
  19  1:38  Drone  
  20  1:49  Drone  
  21  2:00  Queen x2  
  25  2:01  Zergling x4  
  27  2:11  Overlord  
  27  2:13  Drone  
  28  2:23  Hatchery  
  28  2:28  Metabolic Boost  
  28  2:30  Drone  
  28  2:36  Drone x2  
  30  2:43  Queen  
  32  2:48  Overlord  
  32  2:51  Drone  
  32  2:53  Drone  
  34  3:01  Drone x2  
  36  3:07  Drone x2  
  36  3:10  Drone x2  
  36  3:11  Spore Crawler  
  40  3:12  Drone  
  40  3:19  Drone x2  
  42  3:23  Queen  
  44  3:27  Overlord  
  44  3:39  Queen  
  44  3:40  Queen  
  48  3:41  Zergling x4  
  50  3:48  Drone  
  50  3:49  Drone x3  
  50  3:52  Drone x2  
  50  3:55  Drone x2  
  58  3:58  Overlord  
  58  4:08  Overlord  
  58  4:15  Evolution Chamber x2, Queen  
  58  4:16  Spore Crawler  
  57  4:20  Drone x3  
  57  4:21  Drone  
  61  4:25  Drone  
  61  4:30  Drone x5  
  61  4:31  Queen  
  69  4:38  Spore Crawler  
  69  4:41  Zergling x10  
  69  4:44  Overlord  
  73  4:48  Zerg Ground Armor Level 1  
  73  4:56  Zerg Melee Weapons Level 1  
  73  4:59  Overlord x2  
  73  5:03  Zergling x2  
  73  5:04  Zergling x14  
  81  5:17  Overlord  
  81  5:19  Zergling x2  
  81  5:20  Zergling x8  
  81  5:21  Lair  
  86  5:24  Extractor  
  86  5:25  Extractor  
  84  5:29  Drone x2  
  84  5:30  Drone x2  
  88  5:43  Drone x6  
  88  5:48  Baneling Nest  
  88  5:49  Overlord  
  93  5:59  Overlord x2  
  93  6:02  Overlord  
  93  6:03  Zergling x12  
  99  6:14  Hatchery  
  98  6:19  Zergling x2  
  98  6:20  Zergling x12  
  98  6:24  Hatchery  
  101  6:32  Overlord  
  101  6:34  Overseer, Baneling x4  
  101  6:36  Extractor, Drone x2  
  101  6:37  Zergling x18  
  110  6:40  Baneling x10  
  110  6:42  Zergling x2  
  111  6:47  Zergling x2  
  99  6:55  Zergling x6  
  99  6:58  Zergling x2  
  99  7:01  Zergling x6  
  94  7:09  Drone x3  
  94  7:10  Zerg Ground Armor Level 2  
  97  7:20  Drone x2  
  97  7:21  Zerg Melee Weapons Level 2  
  99  7:25  Zergling x14  
  106  7:31  Zergling x12  
  106  7:33  Hatchery  
  106  7:34  Centrifical Hooks  
  109  7:40  Zergling x10  
  113  7:47  Zergling x8  
  114  7:51  Zergling x2  
  114  7:59  Drone x2, Zergling x18  
  114  8:01  Baneling x11  
  125  8:08  Zergling x2  
  125  8:09  Zergling x10  
  125  8:11  Baneling x4  
  130  8:13  Zergling x2  
  130  8:18  Zergling x6  
  134  8:24  Zergling x6  
  136  8:28  Zergling x12  
  136  8:32  Zergling x6  
  144  8:43  Zergling x14  
  144  8:44  Baneling  
  144  8:45  Baneling x3  
  150  8:52  Baneling x14  
  150  8:54  Zergling x4  
  152  8:58  Overlord  
  152  9:03  Overlord  
  152  9:05  Zergling x12  
  158  9:11  Zergling x10  
  161  9:20  Zergling x18  
  169  9:27  Zergling x10  
  158  9:38  Zergling x26  
  169  9:53  Hatchery  
  169  9:56  Infestation Pit  
Tags
 
Add a new tag
Caveats
  • Supply blocks, unpowered buildings, or Contaminate may cause inaccurate times.
  • Supply counts are checked every 10 seconds.